 Dungeon Crawl Stone Soup version 0.28.0 (webtiles) character file.

Game seed: 12932265385108572434

94 issech the Cudgeller (level 4, -11/44 HPs)
             Began as a Troll Monk on Feb 18, 2022.
             Mangled by a wyvern skeleton (13 damage)
             ... on level 3 of the Dungeon.
             The game lasted 00:05:33 (1560 turns).

issech the Cudgeller (Troll Monk)                   Turns: 1560, Time: 00:05:34

Health: -11/44     AC:  4    Str: 19    XL:     4   Next: 38%
Magic:  3/3        EV: 10    Int:  6    God:
Gold:   1046       SH:  0    Dex: 14    Spells: 3/3 levels left

rFire   . . .      SeeInvis .   a - +0 mace
rCold   . . .      Faith    .   (no shield)
rNeg    . . .      Spirit   .   b - +0 robe
rPois   .          Reflect  .   (helmet restricted)
rElec   .          Harm     .   (no cloak)
rCorr   .          Rampage  .   (gloves unavailable)
Will    .....                   (boots unavailable)
Stlth   ++........              (no amulet)
HPRegen 0.94/turn               (no ring)
MPRegen 0.08/turn               (no ring)

@: no status effects
A: large, unfitting armour, claws 3, regeneration 1, shaggy fur 1, tough skin 1
a: no special abilities


You were on level 3 of the Dungeon.
You visited 1 branch of the dungeon, and saw 3 of its levels.

You collected 1046 gold pieces.

Inventory:

Hand Weapons
 a - a +0 mace (weapon)
 c - a +2 hand axe of freezing
Missiles
 d - 38 stones (quivered)
 h - 12 arrows
Armour
 b - a +0 robe (worn)
Magical Staves
 g - a staff of earth
Jewellery
 f - a ring of fire
Scrolls
 e - a scroll of immolation
 i - a scroll of enchant weapon
 j - a scroll of silence {unknown}
 k - a scroll of fog {unknown}
 l - a scroll of fear {unknown}
Potions
 m - a potion of curing {unknown}


   Skills:
 + Level 2.8 Fighting
 + Level 3.6 Maces & Flails
 + Level 3.2 Dodging
 + Level 1.2 Stealth


You had 3 spell levels left.
You didn't know any spells.
Your spell library contained the following spells:

 Spells                   Type           Power      Damage    Failure   Level
 Gell's Gravitas          Tloc           0%         N/A       83%         3
 Lesser Beckoning         Tloc           0%         N/A       83%         3
 Teleport Other           Tloc           0%         N/A       83%         3
 Borgnjor's Revivificati  Necr           0%         N/A       100%        8
 Necromutation            Tmut/Necr      0%         N/A       100%        8
 Death's Door             Necr           0%         N/A       100%        9


Dungeon Overview and Level Annotations

Branches:
Dungeon (3/15)

Altars:
Dithmenos

Portals:
Sewer: D:3


Innate Abilities, Weirdness & Mutations

You are too large for most types of armour.
You have claws for hands.
Your natural rate of healing is unusually fast.
You are covered in fur. (AC +1)
You have tough skin. (AC +1)


Message History

A rat comes into view.
You hit the wyvern skeleton.
The wyvern skeleton is lightly damaged.
The wyvern skeleton barely misses you.
You hit the wyvern skeleton.
The wyvern skeleton is moderately damaged.
You hear the slow rusting of a drain.
The wyvern skeleton bites you! The ball python bites you.
The wyvern skeleton completely misses you.
You hit the wyvern skeleton.
The wyvern skeleton is heavily damaged.
The ball python bites you. The wyvern skeleton bites you!
The ball python closely misses you. The wyvern skeleton barely misses you.
You hit the wyvern skeleton.
The wyvern skeleton is severely damaged.
The ball python bites you. The ball python barely misses you.
You barely miss the ball python. Your claw misses the ball python.
The ball python barely misses you. x2
You barely miss the ball python. The ball python misses you.
You hit the ball python.
You kill the ball python!
You hit the wyvern skeleton.
The wyvern skeleton is severely damaged.
The wyvern skeleton bites you!
You completely miss the rat. You closely miss the rat. The rat misses you.
The rat bites you.
You hit the rat.
You kill the rat!
The wyvern skeleton misses you.
You hit the wyvern skeleton.
The wyvern skeleton is severely damaged.
The wyvern skeleton bites you!
* * * LOW HITPOINT WARNING * * *
You hit the wyvern skeleton.
The wyvern skeleton is almost destroyed.
The wyvern skeleton bites you!
* * * LOW HITPOINT WARNING * * *
The wyvern skeleton bites you!
You die...

≈≈≈≈
...≈.#......#.####...
.≈...
#.≈.#..#...........#
.≈.#
#.≈.#..##.##.#######
.≈.#. #.≈.#.###.##.##
#.≈.. #.≈.## #.#...##
#.≈_. #.≈.# #..#...#
#.≈≈≈ #.≈.# #.#.#..#
# ...####.≈.#
#.##.#.#
#####.....≈.#
#@####.#
.....≈≈≈≈≈≈.####Z#
#.#
≈≈≈≈≈.......#....#
#.#
.....##########..#
#.# ###..# ######..#
#.# # #..# #.......#
#.# ..<.# .........#
#.# ###.## #...#.....
#.# ≈≈≈≈≈......


You could see a wyvern skeleton.

Vanquished Creatures
  4 adders
  A worm (D:2)
  A dart slug (D:1)
  3 ball pythons
  4 endoplasms
  3 giant cockroaches (D:1)
  A goblin (D:2)
  4 hobgoblins
  7 jackals
  6 kobolds
  2 quokkas
  6 bats
  3 frilled lizards
  6 rats
51 creatures vanquished.

Notes
Turn   | Place    | Note
-------+----------+-------------------------------------------
     0 | D:1      | issech the Troll Monk began the quest for the Orb.
     0 | D:1      | Reached XP level 1. HP: 22/22 MP: 0/0
    24 | D:1      | Found a faded altar of an unknown god.
   205 | D:1      | Reached XP level 2. HP: 29/29 MP: 1/1
   523 | D:1      | Reached XP level 3. HP: 36/36 MP: 2/2
  1050 | D:2      | Reached XP level 4. HP: 44/44 MP: 3/3
  1386 | D:2      | Identified a scroll of acquirement
  1388 | D:2      | Acquired 941 gold pieces
  1489 | D:3      | Found a shadowy altar of Dithmenos.
  1540 | D:3      | Found a glowing drain.
  1560 | D:3      | HP: 2/44 [wyvern skeleton (8)]
  1560 | D:3      | Mangled by a wyvern skeleton

Illustrated notes

Levels and vault maps discovered:
D:1:      evilmike_arrival_crescent, layout_basic,
          hellmonk_ecumenical_altar_arch_garden, serial_park_tiny_1
D:2:      layout_basic
D:3:      layout_loops_ring, mainiacjoe_overflow_paths,
          nicolae_overflow_squiral, cheibrodos_sewer_entry_drain, serial_shops,
          shop

Skill      XL: |  1  2  3 |
---------------+----------+-----
Maces & Flails | 3 |  3.6
Dodging        | 3 |  3.2
Fighting       | |  2.8
Stealth        | |  1.2

Action                   |  1- 3 |  4- 6 || total
-------------------------+-------+-------++-------
Melee: Mace              |   151 |    39 ||   190
       Punch             |     1 |       ||     1
  Use: Scroll            |       |     4 ||     4
 Stab: Sleeping          |     3 |     3 ||     6
Armor: Robe              |    84 |     4 ||    88
Dodge: Dodged            |   148 |    22 ||   170
